 Dungeon Crawl Stone Soup version 0.19.5 (webtiles) character file.

576895 Dickchan the Maledictor (level 25, -2/201 HPs)
             Began as a Vampire Enchanter on Apr 27, 2017.
             Was the Champion of Dithmenos.
             Slain by a tentacled monstrosity (9 damage)
             ... on level 1 of the Realm of Zot.
             The game lasted 07:29:32 (103865 turns).

Dickchan the Maledictor (Vampire Enchanter)       Turns: 103865, Time: 07:29:33

Health: -2/201     AC: 22    Str:  4    XL:     25   Next: 81%
Magic:  6/29       EV: 29    Int: 27    God:    Dithmenos [******]
Gold:   4558       SH: 12    Dex: 21    Spells: 4 memorised, 13 levels left

rFire  + . .     SeeInvis +     G - +8 rapier of the Fox {pierce, +Blink rElec Str-3}
rCold  + + .     Gourm    .     J - +3 leather armour {rF+}
rNeg   + + +     Faith    .     q - +1 buckler {AC+3}
rPois  ∞         Spirit   .     s - +2 helmet
rElec  +         Reflect  +     z - +2 cloak {+Inv}
rCorr  .         Harm     .     E - +1 pair of gloves
MR     +++..                    U - +2 pair of boots {Stlth+}
Stlth  ++++++++++               T - +5 amulet of reflection
                                c - ring of Ciurel {rElec MR+ AC+2 Dex+4}
                                a - +5 ring of evasion

@: very slightly contaminated, bloodless, non-regenerating, wreathed by umbra,
constricted
A: fangs 3, see invisible, unbreathing
a: Bat Form, Shadow Step, Shadow Form, Renounce Religion, Evoke Blink, Evoke
Invisibility
}: 3/15 runes: decaying, serpentine, silver


You were on level 1 of the Realm of Zot.
You worshipped Dithmenos.
Dithmenos was exalted by your worship.
You were bloodless.

You visited 10 branches of the dungeon, and saw 47 of its levels.
You also visited: Labyrinth, Ossuary, Ice Cave and Volcano.

You collected 6415 gold pieces.
You spent 1857 gold pieces at shops.

Inventory:

Hand Weapons
 k - a +4 quick blade of freezing
 D - the +5 short sword "Rysuzuc" {venom, Dex+7}
   (You bought it in a shop on level 6 of the Dungeon)

   It poisons the flesh of those it strikes.
   It affects your dexterity (+7).
 G - the +8 rapier of the Fox (weapon) {pierce, +Blink rElec Str-3}
   (You found it on level 4 of the Depths)

   It inflicts extra damage upon your enemies.
   It affects your strength (-3).
   It insulates you from electricity.
   It lets you blink.
Armour
 q - a +1 buckler of protection (worn)
 s - a +2 helmet (worn)
 z - a +2 cloak of invisibility (worn)
 E - a +1 pair of gloves (worn)
 J - a +3 leather armour of fire resistance (worn)
 U - a +2 pair of boots of stealth (worn)
Jewellery
 a - a +5 ring of evasion (left hand)
 c - the ring of Ciurel (right hand) {rElec MR+ AC+2 Dex+4}
   (You bought it in a shop on level 1 of the Vaults)

   [ring of protection]

   It affects your AC (+2).
   It affects your dexterity (+4).
   It insulates you from electricity.
   It affects your resistance to hostile enchantments.
 h - an uncursed ring of protection from fire
 o - a +5 ring of protection
 w - the ring "Nausmat" {MR+ Str+4}
   (You found it on level 15 of the Dungeon)

   [ring of strength]

   It affects your strength (+4).
   It affects your resistance to hostile enchantments.
 x - the ring of Optimism {rElec rC+ rN++ Int-2 Slay+2}
   (You took it off a deep elf blademaster on level 3 of the Elven Halls)

   [ring of protection from cold]

   It affects your intelligence (-2).
   It affects your accuracy and damage with ranged weapons and melee attacks
   (+2).
   It protects you from cold.
   It insulates you from electricity.
   It greatly protects you from negative energy.
 Q - the ring "Deg Ynib" {rPois Dex+3}
   (You took it off a deep elf annihilator on level 3 of the Elven Halls)

   [ring of dexterity]

   It affects your dexterity (+3).
   It protects you from poison.
 T - a +5 amulet of reflection (around neck)
Wands
 d - a wand of digging (8/24)
 O - a wand of teleportation (2/9)
Scrolls
 g - 7 scrolls of fear
 i - 9 scrolls of fog
 j - 23 scrolls of identify
 l - 2 scrolls of recharging
 m - 15 scrolls of teleportation
 p - a scroll of enchant armour
 t - 3 scrolls of amnesia
 y - 2 scrolls of blinking
 H - 6 scrolls of magic mapping
 I - 9 scrolls of remove curse
Potions
 f - 15 potions of curing
 n - 3 potions of resistance
 v - 3 potions of ambrosia
 N - 7 potions of might
 P - 2 potions of agility
 Y - 5 potions of invisibility


   Skills:
 + Level 17.3 Fighting
 + Level 20.6 Short Blades
 + Level 20.1 Dodging
 - Level 16.9 Stealth
 - Level 4.4 Shields
 - Level 4.2 Spellcasting
 - Level 13.5 Conjurations
 - Level 25.8 Hexes
 - Level 16.8 Earth Magic


You had 13 spell levels left.
You knew the following spells:

 Your Spells              Type           Power        Failure   Level  Hunger
a - Ensorcelled Hibernat  Hex/Ice        ######       1%          2    None
b - Dazzling Spray        Conj/Hex       ######       0%          3    ##.....
c - Iron Shot             Conj/Erth      ######....   4%          6    #######
d - Discord               Hex            #######...   3%          8    #######


Dungeon Overview and Level Annotations

Branches:
Dungeon (15/15)            Temple (1/1) D:7            Lair (6/6) D:8
  Swamp (4/4) Lair:4        Snake (4/4) Lair:4        Slime (0/5) Lair:5
    Orc (2/2) D:11            Elf (3/3) Orc:2        Vaults (5/5) D:13
  Crypt (0/3) Vaults:2     Depths (5/5) D:15            Zot (2/5) Depths:5

Altars:
Ashenzari
Cheibriados
Dithmenos
Fedhas
Gozag
Kikubaaqudgha
Makhleb
Okawaru
Qazlal
Ru
Sif Muna
Uskayaw
Vehumet
Yredelemnul
Zin
The Shining One
Beogh

Shops:
D:6 }([   Orc:2 =:*(   Elf:2 ?!*([   Vaults:1 =   Vaults:3 !   Depths:4 :

Portals:
Hell: Depths:1 Depths:2 Depths:3 Depths:4 Depths:5
Abyss: Depths:4 Depths:5
Pandemonium: Depths:2 Depths:3
Ziggurat: Depths:5

Annotations:
D:8 exclusion: obsidian statue
Swamp:4 patcoet's ghost, adept MiFi
Snake:3 Aizul
Vaults:4 exclusion: downstairs
Depths:3 ohados's ghost, adept DrTm


Innate Abilities, Weirdness & Mutations

You do not heal naturally.
You are immune to poison.
You have razor-sharp teeth.
You have supernaturally acute eyesight. (SInv)
You can survive without breathing.


Message History

The tentacled monstrosity closely misses you.
The tentacled monstrosity tentacle-slaps you but does no damage. x2
* * * LOW HITPOINT WARNING * * *
The tentacled monstrosity constricts you.
Casting: Iron Shot
Confirm with . or Enter, or press ? or * to list all spells.
You don't have enough magic to cast that spell.
Firing (i - inventory): No suitable missiles.
Press: ? - help, Shift-Dir - straight line, f/p - tentacled monstrosity
Aim: a tentacled monstrosity (almost dead, constricting you, umbra)
Okay, then.
You hit the tentacled monstrosity but do no damage.
You bite the tentacled monstrosity, but do no damage.
The tentacled monstrosity is almost dead.
Your shadow hits the tentacled monstrosity with a rapier.
The tentacled monstrosity tentacle-slaps you!
* * * LOW HITPOINT WARNING * * *
The tentacled monstrosity completely misses you.
The tentacled monstrosity tentacle-slaps you!
You die...

#################
##..........))..@##
#.......######).X.##
.⌠..##..######)....##
.(#.^..[.....)......##
####.#####.....#####.##
########[...## ####.##
#..#%.......####.###.##
##....).........##.##..##
##.........######.##.....##


You could see a tentacled monstrosity.

Vanquished Creatures
  An ancient lich (Depths:5)
  An orb of fire (Zot:1)
  A juggernaut (Depths:2)
  Saint Roka (Depths:4)
  A curse toe (Zot:1)
  A caustic shrike (Depths:3)
  7 golden dragons
  Jory (Vaults:2)
  A bone dragon (Depths:5)
  6 liches
  Rupert (D:14)
  9 tentacled monstrosities
  4 quicksilver dragons
  3 titans
  2 deep elf blademasters
  A deep elf master archer (Elf:3)
  5 sphinxes
  4 thorn hunters
  3 death cobs
  Frances (D:13)
  8 storm dragons
  A draconian monk (Zot:1)
  5 nagarajas (Snake:4)
  9 shadow dragons
  5 tengu reavers
  An azure jelly (shapeshifter) (Vaults:5)
  16 fire giants
  7 frost giants
  4 deep elf sorcerers
  19 vault wardens
  2 draconian scorchers
  An orc warlord (Orc:1)
  3 draconian zealots (Zot:2)
  5 iron dragons
  A caustic shrike zombie (Depths:4)
  2 deep elf elementalists
  2 draconian shifters
  4 spriggan defenders
  11 ironheart preservers
  17 very ugly things
  2 entropy weavers
  A reaper (Depths:3)
  15 stone giants
  4 war gargoyles (Vaults:5)
  6 deep elf demonologists
  2 vampire knights
  A draconian caller (Zot:1)
  3 green draconians
  6 purple draconians
  4 red draconians
  7 deep elf annihilators
  5 white draconians
  2 yellow draconians
  18 spark wasps
  10 ettins
  An eidolon (Vaults:2)
  A death ooze (Swamp:4)
  An ettin (shapeshifter) (Vaults:5)
  3 jiangshi (Depths:1)
  6 deep elf death magi
  2 green deaths (Swamp:4)
  A merfolk impaler (Depths:2)
  Josephine (Orc:1)
  17 yaktaur captains
  4 deep elf high priests
  18 fire dragons
  A minotaur (Lab)
  Fannar (D:8)
  25 hydras
  10 vault guards
  20 naga warriors
  12 ice dragons
  11 great orbs of eyes
  3 rakshasas
  2 hell beasts (Swamp:4)
  9 alligators
  4 ghost crabs
  2 spriggan air magi
  11 centaur warriors
  Erica (Lair:2)
  11 ogre magi
  9 anacondas
  2 death knights (D:15)
  19 death yaks
  27 dancing weapons
  9 deep troll shamans
  4 deep troll earth magi
  3 tengu warriors
  4 vampire magi
  8 shock serpents
  2 spriggan berserkers (Depths:3)
  2 thrashing horrors (Swamp:4)
  10 naga sharpshooters
  A soul eater (Vaults:2)
  An orc high priest (Orc:2)
  16 deep elf knights
  4 iron trolls
  2 shadow wraiths (Vaults:4)
  A sun demon (Depths:3)
  3 salamander mystics
  A sea snake (shapeshifter) (Vaults:1)
  A fire crab (Lair:6)
  7 hell knights
  2 skeletal warriors
  A large abomination (Swamp:4)
  2 sea snakes (Snake:2)
  6 unseen horrors
  11 swamp dragons
  14 deep trolls
  3 glowing orange brains
  11 salamanders
  6 flayed ghosts
  4 spriggan druids
  A death drake (shapeshifter) (D:14)
  A glowing orange brain (shapeshifter) (Depths:5)
  A torturous demonspawn (Depths:3)
  5 hill giants
  7 wizards
  2 shambling mangroves
  A golden dragon skeleton (Depths:4)
  An orange crystal statue (D:8)
  14 deep elf archers
  2 naga ritualists
  A swamp dragon (shapeshifter) (D:15)
  13 ironbrand convokers
  A harpy (shapeshifter) (Vaults:3)
  7 necromancers
  A shadow dragon zombie (Depths:2)
  39 ugly things
  4 phantasmal warriors
  A wolf spider (shapeshifter) (Vaults:1)
  4 wolf spiders
  38 deep elf magi
  15 orc knights
  5 orc sorcerers
  A fire giant zombie (Depths:4)
  A sphinx zombie (Depths:4)
  A cyclops (shapeshifter) (Vaults:5)
  A faun (shapeshifter) (Vaults:5)
  4 cyclopes
  5 mana vipers
  3 manticores
  9 moths of wrath
  A spriggan zombie (Depths:2)
  Maurice (D:11)
  15 vault sentinels
  8 elephants
  39 black mambas
  7 guardian serpents
  5 molten gargoyles
  11 naga magi
  19 spiny frogs
  3 ice statues (IceCv)
  2 centaur skeletons
  5 spectral swamp worms (Depths:1)
  2 rime drakes
  30 yaktaurs
  2 orange demons (Swamp:4)
  A gargoyle (D:11)
  2 kobold demonologists
  18 komodo dragons
  An efreet (D:15)
  6 freezing wraiths
  A merfolk (shapeshifter) (Depths:5)
  A yaktaur skeleton (Vaults:4)
  2 ice devils (Depths:3)
  2 tengu conjurers (D:13)
  A red devil (D:10)
  11 trolls
  A troll (shapeshifter) (Depths:1)
  A queen bee (D:9)
  A hornet (shapeshifter) (D:15)
  17 hornets
  A two-headed ogre (shapeshifter) (Vaults:3)
  2 jumping spiders (shapeshifter)
  A meliai (shapeshifter) (D:15)
  18 two-headed ogres
  14 polar bears
  A raiju (shapeshifter) (D:13)
  A wind drake (shapeshifter) (Vaults:1)
  58 slime creatures
  4 tyrant leeches
  29 blink frogs
  10 hippogriffs
  11 bog bodies
  An ettin zombie (Depths:2)
  A dream sheep (shapeshifter) (Depths:5)
  Sigmund (D:2)
  A small abomination (Swamp:4)
  6 air elementals
  A spriggan skeleton (Depths:2)
  10 wyverns
  2 vampires
  3 redbacks
  5 water elementals
  5 shadows
  9 spriggans
  A tarantella (Vaults:3)
  2 tarantellas (shapeshifter)
  40 yaks
  6 basilisks
  7 wraiths
  A hungry ghost (D:11)
  4 fire elementals
  A basilisk (shapeshifter) (Vaults:2)
  A fire bat (Volcano)
  A human (shapeshifter) (Vaults:1)
  21 vampire mosquitoes
  A steam dragon (Lair:6)
  A mottled dragon (Lair:6)
  7 wargs
  21 insubstantial wisps
  56 nagas
  19 swamp worms
  2 soldier ants
  A floating eye (shapeshifter) (Vaults:5)
  8 water moccasins
  5 hell hounds
  6 sky beasts
  13 swamp drakes
  9 porcupines
  33 orc warriors
  A black bear (D:12)
  2 ice beasts (D:11)
  An ice dragon simulacrum (Vaults:1)
  A phantom (D:7)
  A tengu (shapeshifter) (Depths:5)
  2 eyes of draining
  37 ogres
  11 boggarts
  A wolf (shapeshifter) (Vaults:2)
  A sky beast (shapeshifter) (Depths:5)
  25 centaurs
  20 wolves
  20 crocodiles
  7 big kobolds
  20 bullfrogs
  An earth elemental (Elf:3)
  A wyvern skeleton (D:13)
  2 human skeletons (Vaults:4)
  A scorpion (D:9)
  2 human simulacra
  30 killer bees
  A wight (D:9)
  3 howler monkeys
  4 electric eels
  9 lava snakes
  A crimson imp (D:15)
  2 quasits
  9 jellies
  5 centaur zombies
  2 bullfrog zombies
  2 human zombies
  A gnoll shaman (D:10)
  23 orc priests
  7 hounds
  2 bullfrog skeletons
  Jessica (D:2)
  11 iguanas
  19 worker ants
  42 orc wizards
  2 hound skeletons
  2 mummies (Ossuary)
  Robin (D:2)
  7 gnolls
  19 adders
  A shadow imp (D:8)
  9 white imps (D:14)
  An adder zombie (Ossuary)
  An ooze (D:4)
  2 adder skeletons
  4 worms
  2 dart slugs
  13 leopard geckos
  75 orcs
  5 giant cockroaches
  14 goblins
  9 hobgoblins
  8 jackals
  21 kobolds
  6 quokkas
  2 ball pythons
  8 bats
  8 frilled lizards
  A goblin zombie (Ossuary)
  9 hobgoblin zombies (Ossuary)
  2 jackal zombies (Ossuary)
  10 kobold zombies (Ossuary)
  2 leopard gecko skeletons
  A leopard gecko zombie (D:5)
  6 orc zombies (Ossuary)
  A quokka skeleton (D:9)
  A quokka zombie (D:8)
  11 rats
2099 creatures vanquished.

Vanquished Creatures (collateral kills)
  the Enchantress (Depths:4)
  2 storm dragons
  A draconian monk (Zot:2)
  2 nagarajas
  2 tengu reavers (Vaults:5)
  A fire giant (Depths:5)
  4 draconian scorchers
  A deep elf sorcerer (Vaults:5)
  A frost giant (IceCv)
  A vault warden (Vaults:5)
  A deep elf elementalist (Vaults:5)
  A war gargoyle (Vaults:5)
  9 very ugly things
  2 stone giants
  2 ironheart preservers
  An entropy weaver (Vaults:3)
  A draconian caller (Zot:2)
  A green draconian (Depths:5)
  A purple draconian (Zot:1)
  4 deep elf demonologists
  A deep elf annihilator (Depths:2)
  3 mottled draconians (Zot:2)
  3 white draconians
  A crystal guardian (Vaults:5)
  4 fire dragons
  A spark wasp (Depths:2)
  An ettin (Depths:3)
  A deep elf death mage (Vaults:3)
  7 ogre magi
  25 vault guards
  A great orb of eyes (Depths:2)
  An ice dragon (Zot:1)
  2 naga warriors (Snake:4)
  A dancing weapon (Elf:3)
  2 centaur warriors
  4 deep troll shamans
  3 spriggan berserkers (Depths:4)
  3 naga sharpshooters
  4 deep elf knights
  8 hell knights (Depths:4)
  2 iron trolls
  A flayed ghost (Depths:5)
  A naga ritualist (Snake:4)
  A skeletal warrior (D:15)
  3 deep trolls (Depths:5)
  4 deep elf archers
  A phantasmal warrior (D:15)
  A hill giant (Vaults:1)
  An orc knight (Vaults:4)
  8 ironbrand convokers
  An orb spider (shapeshifter) (Vaults:5)
  An orc sorcerer (Vaults:2)
  2 necromancers (Depths:4)
  18 deep elf magi
  24 ugly things
  A rust devil (D:10)
  A guardian serpent (Snake:4)
  4 naga magi
  3 vault sentinels
  A black mamba (Snake:1)
  An orange demon (D:10)
  A gargoyle (D:13)
  A kobold demonologist (D:14)
  A komodo dragon (shapeshifter) (Vaults:3)
  A freezing wraith (Vaults:5)
  13 yaktaurs
  3 polar bears (IceCv)
  A hornet (Vaults:5)
  A meliai (shapeshifter) (Depths:5)
  A tyrant leech (shapeshifter) (Depths:3)
  7 two-headed ogres
  A hippogriff (D:14)
  A wraith (D:15)
  3 spriggans (Depths:4)
  2 redbacks (Vaults:3)
  3 yaks (IceCv)
  A warg (Vaults:4)
  18 nagas
  A mottled dragon (Vaults:1)
  12 orc warriors
  3 wolves (IceCv)
  14 ogres
  An eye of draining (shapeshifter) (Depths:2)
  2 boggarts (Depths:2)
  2 centaurs (Vaults:2)
  2 big kobolds (D:14)
  2 killer bees (D:13)
  6 iron imps (D:10)
  5 orc priests
  2 orc wizards (Depths:4)
  A shadow imp (D:15)
  A white imp (D:14)
  26 orcs
  8 kobolds (D:14)
342 creatures vanquished.

Vanquished Creatures (others)
  A golden dragon (Zot:1)
  A deep elf master archer (Elf:3)
  A vault warden (Vaults:3)
  A deep elf sorcerer (Elf:3)
  A ghost moth (Zot:1)
  A very ugly thing (Depths:3)
  A stone giant (Depths:3)
  A black draconian (Zot:1)
  2 deep elf demonologists (Elf:3)
  A deep elf annihilator (Elf:3)
  A white draconian (Zot:1)
  A mottled draconian (Zot:2)
  2 yaktaur captains
  4 vault guards
  A spriggan air mage (Depths:4)
  An ice dragon (Depths:5)
  A naga warrior (Snake:4)
  2 naga sharpshooters (Snake:4)
  A deep troll earth mage (Depths:3)
  3 deep elf knights
  A slime creature (Vaults:2)
  2 deep trolls
  2 deep elf archers
  A necromancer (Vaults:4)
  An ironbrand convoker (Vaults:1)
  A naga mage (Snake:1)
  5 deep elf magi
  2 orc knights (Vaults:4)
  4 ugly things
  A moth of wrath (Zot:2)
  4 vault sentinels
  A rime drake (Zot:1)
  15 yaktaurs
  2 centaurs
  2 wraiths (D:15)
  A redback (Vaults:3)
  A spriggan (Swamp:3)
  A hog (shapeshifter) (Vaults:2)
  4 nagas (Snake:4)
  A swamp drake (Swamp:1)
  2 ogres
  An orc wizard (Orc:2)
  An adder (shapeshifter) (Vaults:5)
  2 white imps (D:14)
  2 orcs (Vaults:4)
  A kobold (D:14)
  3 frilled lizards (Lair:1)
  14 fungi
  18 plants
  8 toadstools (Swamp:1)
132 creatures vanquished.

Grand Total: 2573 creatures vanquished

Notes
Turn   | Place    | Note
-------+----------+-------------------------------------------
     0 | D:1      | Dickchan the Vampire Enchanter began the quest for the Orb.
     0 | D:1      | Reached XP level 1. HP: 13/13 MP: 3/3
   387 | D:1      | Reached XP level 2. HP: 19/19 MP: 5/5
  1055 | D:2      | Reached skill level 5 in Stealth
  1055 | D:2      | Reached skill level 5 in Hexes
  1182 | D:2      | Learned a level 2 spell: Ensorcelled Hibernation
  1209 | D:2      | Reached XP level 3. HP: 20/24 MP: 1/6
  1421 | D:2      | Noticed Jessica
  1502 | D:2      | Killed Jessica
  1521 | D:2      | Noticed Robin
  1837 | D:2      | Reached XP level 4. HP: 30/30 MP: 7/7
  1847 | D:2      | Killed Robin
  2177 | D:2      | Reached XP level 5. HP: 30/35 MP: 8/8
  2237 | D:2      | Noticed Sigmund
  2243 | D:2      | Killed Sigmund
  2243 | D:2      | Reached skill level 6 in Hexes
  2243 | D:2      | Reached XP level 6. HP: 36/41 MP: 9/9
  2723 | D:3      | Found a sacrificial altar of Ru.
  2774 | D:3      | Found a basalt altar of Yredelemnul.
  2839 | D:3      | Reached skill level 5 in Short Blades
  3466 | D:4      | Reached skill level 7 in Hexes
  3523 | D:4      | Reached XP level 7. HP: 43/46 MP: 10/10
  3569 | D:4      | Learned a level 3 spell: Dazzling Spray
  3887 | D:5      | Entered Level 5 of the Dungeon
  4296 | D:5      | Found a sand-covered staircase.
  4301 | Ossuary  | Entered an ossuary
  4596 | Ossuary  | Gained mutation: You are dopey. (Int -2) [potion of mutation]
  4596 | Ossuary  | Gained mutation: Your flesh is cold resistant. (rC+) [potion of mutation]
  4596 | Ossuary  | Gained mutation: You are clumsy. (Dex -2) [potion of mutation]
  5535 | D:5      | Reached skill level 8 in Hexes
  5814 | D:5      | Reached XP level 8. HP: 52/52 MP: 4/11
  6084 | D:5      | Found a blossoming altar of Fedhas.
  6404 | D:6      | Found Ranuumapa's Gadget Shoppe.
  6579 | D:6      | Reached skill level 9 in Hexes
  6684 | D:6      | Found Fyvem's Antique Weapon Boutique.
  6692 | D:6      | Found a hide-covered altar of Uskayaw.
  6692 | D:6      | Found an opulent altar of Gozag.
  6692 | D:6      | Found an ancient bone altar of Kikubaaqudgha.
  6692 | D:6      | Found a glowing golden altar of the Shining One.
  6775 | D:6      | Bought a bone short sword for 200 gold pieces
  6775 | D:6      | Identified the +5 short sword "Rysuzuc" {venom, Dex+7} (You bought it in a shop on level 6 of the Dungeon)
  6859 | D:6      | Found a radiant altar of Vehumet.
  7017 | D:6      | Found a stormy altar of Qazlal.
  7092 | D:6      | Found Daublyv's Antique Armour Shoppe.
  7177 | D:6      | Reached skill level 10 in Stealth
  7306 | D:7      | Reached XP level 9. HP: 57/57 MP: 12/12
  7656 | D:7      | Reached skill level 10 in Hexes
  7822 | D:7      | Found a staircase to the Ecumenical Temple.
  7857 | Temple   | Entered the Ecumenical Temple
  7861 | Temple   | Became a worshipper of Dithmenos the Shadowed
  8038 | D:7      | Reached skill level 10 in Short Blades
  8225 | D:8      | Lost mutation: You are clumsy. (Dex -2) [potion of cure mutation]
  8225 | D:8      | Lost mutation: You are dopey. (Int -2) [potion of cure mutation]
  8225 | D:8      | Lost mutation: Your flesh is cold resistant. (rC+) [potion of cure mutation]
  8239 | D:8      | Noticed an orange crystal statue
  8266 | D:8      | Found a staircase to the Lair.
  8630 | D:8      | Noticed an obsidian statue
  8679 | D:9      | Reached * piety under Dithmenos
  8730 | D:9      | Reached skill level 11 in Hexes
  8839 | D:8      | Reached XP level 10. HP: 56/63 MP: 13/13
  9272 | D:9      | Reached ** piety under Dithmenos
  9770 | D:10     | Entered Level 10 of the Dungeon
  9789 | D:10     | Noticed an orange demon
  9794 | D:10     | Found a basalt altar of Yredelemnul.
  9795 | D:10     | Noticed a rust devil
  9795 | D:10     | Noticed a hell beast
 10026 | D:10     | Reached skill level 12 in Hexes
 10950 | D:10     | Reached *** piety under Dithmenos
 11445 | D:11     | Reached XP level 11. HP: 46/68 MP: 4/14
 11454 | D:11     | Found an iron altar of Okawaru.
 11469 | D:11     | Noticed a hill giant
 11481 | D:11     | Killed a hill giant
 11538 | D:11     | Found a labyrinth entrance.
 11551 | Lab      | Entered a labyrinth
 11734 | Lab      | Reached skill level 1 in Fighting
 12318 | Lab      | Noticed a minotaur
 12427 | Lab      | Killed a minotaur
 12432 | Lab      | Got a distressingly furry shield
 12440 | Lab      | Identified the Reference Book on Nocuous Attacks
 12515 | D:11     | Noticed Maurice
 12523 | D:11     | Killed Maurice
 12585 | D:11     | Identified the cursed +0 shield of Greed {rElec Str+8} (You took it off a minotaur in a labyrinth)
 12965 | D:11     | Found a staircase to the Orcish Mines.
 13469 | D:11     | Reached skill level 5 in Dodging
 13626 | D:12     | Reached **** piety under Dithmenos
 13769 | D:12     | Reached skill level 15 in Stealth
 14130 | D:12     | Noticed a red ugly thing
 14134 | D:12     | Killed a red ugly thing
 14288 | D:12     | Reached XP level 12. HP: 85/85 MP: 11/15
 14369 | D:12     | Reached skill level 5 in Fighting
 14416 | D:12     | Reached ***** piety under Dithmenos
 14608 | Lair:1   | Entered Level 1 of the Lair of Beasts
 14620 | Lair:1   | Noticed Fannar
 14762 | Orc:1    | Entered Level 1 of the Orcish Mines
 14905 | Orc:1    | Found a dark tunnel.
 14916 | Volcano  | Entered a volcano
 15323 | Volcano  | Found a radiant altar of Vehumet.
 15323 | Volcano  | Noticed a centaur warrior
 15328 | Volcano  | Killed a centaur warrior
 16159 | D:8      | Killed Fannar
 17294 | Lair:2   | Found a shadowy altar of Dithmenos.
 17430 | Lair:2   | Noticed Erica
 17437 | Lair:2   | Killed Erica
 17448 | Lair:2   | Reached XP level 13. HP: 98/98 MP: 14/16
 17673 | Lair:2   | Reached skill level 10 in Dodging
 17701 | Lair:2   | Reached ****** piety under Dithmenos
 19400 | Lair:3   | You fall through a shaft for 3 floors!
 19400 | Lair:6   | Entered Level 6 of the Lair of Beasts
 20162 | Lair:4   | Reached skill level 10 in Fighting
 20264 | Lair:4   | Learned a level 6 spell: Iron Shot
 20449 | Lair:3   | Reached skill level 1 in Earth Magic
 20559 | Lair:4   | Found a staircase to the Snake Pit.
 20584 | Lair:4   | Reached skill level 1 in Conjurations
 20710 | Lair:4   | Found a staircase to the Swamp.
 21635 | Lair:4   | Reached XP level 14. HP: 110/110 MP: 17/17
 22305 | Lair:5   | Found a staircase to the Slime Pits.
 22317 | Lair:5   | Reached skill level 5 in Earth Magic
 23410 | Lair:6   | Reached skill level 5 in Conjurations
 23410 | Lair:6   | Reached XP level 15. HP: 115/115 MP: 18/18
 23749 | Lair:6   | Found a large runed door.
 24003 | Lair:6   | Found an iron altar of Okawaru.
 24557 | Lair:6   | Found a large runed door.
 26304 | D:6      | Bought a buckler for 99 gold pieces
 26526 | Orc:2    | Entered Level 2 of the Orcish Mines
 26526 | Orc:2    | Found a burning altar of Makhleb.
 26663 | Orc:2    | Reached skill level 1 in Shields
 27103 | Orc:2    | Found a staircase to the Elven Halls.
 27203 | Orc:2    | Noticed Josephine
 27244 | Orc:2    | Found Mogiraun's Assorted Antiques.
 27710 | Orc:1    | Killed Josephine
 28195 | Orc:2    | Found Adathaj's Jewellery Shoppe.
 28200 | Orc:2    | Found Zekle's Book Shoppe.
 28202 | Orc:2    | Found Tuimusch's Antique Weapon Emporium.
 28234 | Orc:2    | Bought a book of Enchantments for 700 gold pieces
 28294 | Orc:2    | Reached XP level 16. HP: 122/122 MP: 17/19
 28828 | Swamp:1  | Entered Level 1 of the Swamp
 29107 | Swamp:1  | Reached skill level 13 in Hexes
 29449 | Swamp:1  | Learned a level 8 spell: Discord
 29563 | Swamp:1  | Found a shadowy altar of Dithmenos.
 29802 | Swamp:1  | Noticed a thorn hunter
 29808 | Swamp:1  | Killed a thorn hunter
 30151 | Swamp:2  | Reached skill level 14 in Hexes
 30925 | Swamp:2  | Reached skill level 15 in Hexes
 32145 | Swamp:1  | Reached skill level 16 in Hexes
 32812 | Swamp:3  | Reached skill level 17 in Hexes
 34485 | Swamp:4  | Entered Level 4 of the Swamp
 34642 | Swamp:2  | Reached skill level 18 in Hexes
 35037 | Swamp:4  | Noticed a thorn hunter
 35083 | Swamp:4  | Noticed patcoet's ghost (adept MiFi)
 36276 | Swamp:3  | Reached skill level 19 in Hexes
 36544 | Swamp:4  | Noticed a thorn hunter
 36586 | Swamp:3  | Killed a thorn hunter
 36740 | Swamp:4  | Reached XP level 17. HP: 128/128 MP: 12/23
 37310 | Swamp:4  | Reached skill level 20 in Hexes
 38035 | Swamp:4  | Got a decaying rune of Zot
 38907 | Swamp:4  | Reached skill level 21 in Hexes
 40185 | Snake:1  | Entered Level 1 of the Snake Pit
 40887 | Snake:1  | Reached skill level 22 in Hexes
 42790 | Snake:1  | Reached skill level 23 in Hexes
 42902 | Snake:2  | Noticed Aizul
 44187 | Snake:2  | Reached XP level 18. HP: 131/134 MP: 24/24
 44325 | Snake:3  | Reached skill level 24 in Hexes
 46094 | Snake:3  | HP: 1/134 [nagaraja/poison arrow (32)]
 46845 | Snake:4  | Entered Level 4 of the Snake Pit
 47322 | Snake:4  | Reached skill level 25 in Hexes
 50280 | Snake:4  | Reached skill level 10 in Earth Magic
 51253 | Snake:4  | Got a serpentine rune of Zot
 52188 | D:13     | Found a gate to the Vaults.
 52430 | D:13     | Noticed Frances
 52434 | D:13     | Killed Frances
 52870 | D:14     | Found a frozen archway.
 52971 | IceCv    | Entered an ice cave
 54137 | D:14     | Reached XP level 19. HP: 140/140 MP: 25/25
 54234 | D:14     | Found a shattered altar of Ashenzari.
 54310 | D:14     | Noticed Rupert
 54316 | D:14     | Killed Rupert
 54337 | D:14     | Found a roughly hewn altar of Beogh.
 55492 | D:15     | Entered Level 15 of the Dungeon
 55520 | D:15     | Found a staircase to the Depths.
 56571 | D:15     | Got a bound wooden ring
 56852 | D:15     | Identified the ring "Nausmat" {MR+ Str+4} (You found it on level 15 of the Dungeon)
 57272 | Vaults:1 | Entered Level 1 of the Vaults
 57593 | Vaults:1 | Reached skill level 10 in Conjurations
 58275 | Vaults:1 | Found Cuescheo's Jewellery Shop.
 59747 | Vaults:2 | Found a staircase to the Crypt.
 60239 | Vaults:2 | Noticed Jory
 61651 | Vaults:2 | Reached XP level 20. HP: 146/146 MP: 23/26
 62894 | Vaults:3 | Found Reummir's Distillery.
 62948 | Vaults:3 | Bought a potion of curing for 51 gold pieces
 62948 | Vaults:3 | Bought a potion of heal wounds for 85 gold pieces
 65140 | Vaults:4 | Reached skill level 15 in Earth Magic
 65586 | Vaults:4 | Paralysed by a sphinx for 2 turns
 66528 | Vaults:4 | Identified a scroll of acquirement
 66942 | Vaults:1 | Bought the ring of Ciurel {rElec MR+ AC+2 Dex+4} for 608 gold pieces
 67247 | Elf:1    | Entered Level 1 of the Elven Halls
 68796 | Elf:2    | Found Vasao's Magic Scroll Shoppe.
 68841 | Elf:2    | Reached XP level 21. HP: 152/152 MP: 27/27
 68850 | Elf:2    | Got a vibrating bone ring
 68896 | Elf:2    | Identified the ring of Ophikuy {-Tele rPois rN+ MR+ SInv} (You found it on level 2 of the Elven Halls)
 68913 | Elf:2    | Found Vuplelae's Antique Armour Shop.
 68927 | Elf:2    | Found a runed gate.
 68927 | Elf:2    | Found a runed gate.
 68945 | Elf:2    | Found a runed gate.
 68974 | Elf:2    | Found Tenyc's Weapon Boutique.
 68981 | Elf:2    | Found Hyodij's General Store.
 69065 | Elf:2    | Found Noguijan's Distillery.
 69073 | Elf:2    | Bought a potion of curing for 57 gold pieces
 69073 | Elf:2    | Bought a potion of curing for 57 gold pieces
 70182 | Elf:3    | Entered Level 3 of the Elven Halls
 72488 | Elf:3    | Got a steaming glass ring
 72673 | Elf:3    | Got a distressingly furry robe
 73092 | Elf:3    | Identified the cursed +0 robe "Exoditto" {rN+} (You took it off a deep elf annihilator on level 3 of the Elven Halls)
 73282 | Elf:3    | Got a slimy wooden ring
 73287 | Elf:3    | Got a coiled amber ring
 73298 | Elf:3    | Identified the ring of Vocuf {rElec rC+ Int+2 Stlth-} (You took it off a deep elf elementalist on level 3 of the Elven Halls)
 73299 | Elf:3    | Identified the ring "Deg Ynib" {rPois Dex+3} (You took it off a deep elf annihilator on level 3 of the Elven Halls)
 73300 | Elf:3    | Identified the ring of Optimism {rElec rC+ rN++ Int-2 Slay+2} (You took it off a deep elf blademaster on level 3 of the Elven Halls)
 73343 | Elf:3    | Identified the Volume of Twisted Transmutation
 73383 | Elf:3    | Identified the Almanac of Displacement
 73549 | Elf:3    | Identified the Volume of Ice
 74196 | Depths:1 | Entered Level 1 of the Depths
 75420 | Depths:1 | HP: 6/156 [quicksilver dragon/bolt of dispelling energy (29)]
 76344 | Depths:1 | Found a gateway to Hell.
 76860 | Depths:1 | Reached XP level 22. HP: 163/163 MP: 28/28
 77123 | Depths:2 | Noticed a juggernaut
 77801 | Depths:2 | Found a one-way gate leading to the halls of Pandemonium.
 78376 | Depths:2 | Found a shattered altar of Ashenzari.
 78697 | Depths:3 | Reached skill level 15 in Short Blades
 79013 | Depths:3 | Noticed ohados's ghost (adept DrTm)
 79988 | Depths:3 | Noticed a golden dragon
 79990 | Depths:3 | Killed a golden dragon
 80019 | Depths:3 | Noticed a caustic shrike
 80026 | Depths:3 | Killed a caustic shrike
 80721 | Depths:3 | Reached skill level 15 in Dodging
 81298 | Depths:3 | Got a distressingly furry robe
 81311 | Depths:3 | Identified the +3 robe "Nehudaty" {Int+3} (You took it off a centaur warrior on level 3 of the Depths)
 82267 | Depths:4 | Noticed Saint Roka
 82284 | Depths:4 | Killed Saint Roka
 82531 | Depths:4 | Found a one-way gate to the infinite horrors of the Abyss.
 82590 | Depths:4 | Reached XP level 23. HP: 175/175 MP: 24/29
 83175 | Depths:4 | Found Kaiwuen's Book Boutique.
 83178 | Depths:4 | You fall through a shaft!
 83178 | Depths:5 | Entered Level 5 of the Depths
 83591 | Depths:5 | Noticed an ancient lich
 83912 | Depths:4 | Noticed the Enchantress
 83924 | Depths:4 | Killed the Enchantress
 84153 | Depths:4 | Got faerie dragon scales
 84165 | Depths:4 | Identified the +3 faerie dragon scales {Dex+2} (You took it off the Enchantress on level 4 of the Depths)
 84510 | Depths:4 | Got a pitted rapier
 84511 | Depths:4 | Identified the +8 rapier of the Fox {pierce, +Blink rElec Str-3} (You found it on level 4 of the Depths)
 85881 | Depths:5 | Found a gateway to a ziggurat.
 86367 | Depths:5 | Killed an ancient lich
 89509 | Depths:5 | Reached XP level 24. HP: 177/187 MP: 0/29
 90791 | Depths:5 | Found a gate to the Realm of Zot.
 90795 | Depths:5 | Reached skill level 15 in Fighting
 91680 | Vaults:2 | Killed Jory
 91945 | Vaults:5 | Entered Level 5 of the Vaults
 93004 | Vaults:5 | Identified the Almanac of Summoning
 96057 | Vaults:5 | HP: 2/191 [titan/the air (24)]
 96960 | Vaults:5 | Identified Javveny's Grimoire of Poisonous Augmentations
 97223 | Vaults:5 | Identified the Compendium of Quantum Unholy Rites
 97257 | Vaults:5 | Reached XP level 25. HP: 151/197 MP: 5/29
 97374 | Vaults:5 | Got a silver rune of Zot
 97383 | Vaults:5 | Identified the Catalogue of Changing
 98614 | Depths:2 | Killed a juggernaut
 99045 | Zot:1    | Entered Level 1 of the Realm of Zot
 99199 | Zot:1    | Noticed an orb of fire
 99202 | Zot:1    | Killed an orb of fire
103865 | Zot:1    | HP: 7/201 [tentacled monstrosity (14)]
103865 | Zot:1    | Slain by a tentacled monstrosity

Skill      XL: |  1  2  3  4  5  6  7  8  9 10 11 12 13 14 15 16 17 18 19 20 21 22 23 24 25 |
---------------+----------------------------------------------------------------------------+-----
Stealth        | 5 6 7 8 10 11 13 15 16 | 16.9
Hexes          | 5 6 7 8 9 11 12 19 23 25 | 25.8
Short Blades   | 2 3 4 5 7 9 11 12 13 14 16 17 19 20 | 20.6
Fighting       | 4 7 10 11 13 14 16 17 | 17.3
Dodging        | 6 9 12 13 15 17 18 20 | 20.1
Earth Magic    | 3 7 9 11 13 16 | 16.8
Conjurations   | 2 5 7 8 11 12 13 | 13.5
Shields        | 4 |  4.4
Spellcasting   | 4 |  4.2

Action                   |  1- 3 |  4- 6 |  7- 9 | 10-12 | 13-15 | 16-18 | 19-21 | 22-24 | 25-27 || total
-------------------------+-------+-------+-------+-------+-------+-------+-------+-------+-------++-------
Melee: Dagger            |    84 |   212 |   449 |   177 |    51 |       |       |       |       ||   973
       Bite              |     4 |    16 |    57 |    90 |   174 |   349 |   354 |   256 |    51 ||  1351
       Short sword       |       |       |   177 |   662 |  1155 |  2547 |  2216 |   763 |       ||  7520
       Rapier            |       |       |       |       |       |       |       |  1156 |   340 ||  1496
       Quick blade       |       |       |       |       |       |       |       |     5 |       ||     5
       Unarmed           |       |       |       |       |       |       |       |     2 |       ||     2
 Cast: Ensorcelled Hiber |     5 |    10 |    37 |    83 |   186 |   451 |   214 |   240 |    42 ||  1268
       Corona            |     1 |       |       |       |       |       |       |       |       ||     1
       Dazzling Spray    |       |       |     4 |    20 |    27 |    78 |    45 |     2 |       ||   176
       Discord           |       |       |       |       |       |    17 |    36 |    28 |     6 ||    87
       Iron Shot         |       |       |       |       |       |       |   114 |   252 |    98 ||   464
Invok: Shadow Step       |       |       |       |       |     1 |     1 |       |     1 |       ||     3
 Abil: End Transformatio |       |       |     1 |     1 |     3 |    26 |     3 |     4 |     2 ||    40
       Bat Form          |       |       |     1 |     1 |     3 |    26 |     3 |     4 |     2 ||    40
Evoke: Wand              |       |       |       |       |       |     1 |       |     1 |     1 ||     3
  Use: Scroll            |       |     9 |     4 |     5 |     3 |    10 |    20 |    15 |     5 ||    71
       Potion            |       |     1 |     9 |     6 |     2 |    22 |    19 |    41 |    13 ||   113
 Stab: Sleeping          |     7 |    15 |    52 |   113 |   124 |   268 |   209 |   143 |    27 ||   958
       Invisible         |       |       |     4 |     5 |     7 |    13 |    16 |       |       ||    45
       Distracted        |       |       |     1 |     9 |     7 |    12 |    17 |     8 |     1 ||    55
       Confused          |       |       |       |     1 |       |       |       |       |       ||     1
  Eat: Corpse            |     5 |     7 |    13 |    25 |    32 |    53 |    89 |    74 |    29 ||   327
Armor: Robe              |    25 |    56 |    82 |       |       |    41 |       |       |       ||   204
       Leather armour    |       |       |    77 |   101 |   145 |   199 |   176 |   176 |    54 ||   928
Dodge: Dodged            |    69 |   102 |   262 |   429 |   921 |  1768 |   928 |  1200 |   335 ||  6014
Block: Buckler           |       |       |       |       |   111 |  1148 |   694 |   699 |   149 ||  2801
       Reflection        |       |       |       |       |     4 |    43 |    70 |    48 |       ||   165
       Other             |       |       |       |       |       |    23 |     2 |       |       ||    25
